 Dungeon Crawl Stone Soup version 0.32-a0-616-g9348d4545b (webtiles) character file.

Game seed: 11740155833070881289

173257 pokeman the Sorcerer (level 17, -14/96 HPs)
             Began as a Deep Elf Hedge Wizard on Mar 4, 2024.
             Was the Champion of Vehumet.
             Shot with an arrow by a satyr (25 damage)
             ... on level 4 of the Shoals on Mar 5, 2024.
             The game lasted 01:42:25 (34309 turns).

pokeman the Sorcerer (Deep Elf Hedge Wizard)       Turns: 34309, Time: 01:42:26

Health: -14/96     AC:  9    Str:  7    XL:     17   Next: 42%
Magic:  41/57      EV: 12    Int: 37    God:    Vehumet [******]
Gold:   2984       SH:  7    Dex: 11    Spells: 25/67 levels left

rFire   + + .        F - staff of conjuration
rCold   + + .        R - +2 buckler
rNeg    + + .        H - +1 robe of Vines {NoPotionHeal Regen++++}
rPois   +            w - +1 helmet of Valiance {rC+ Int+6}
rElec   .            O - scarf {rC+ rF+}
rCorr   +            L - +1 pair of gloves
SInv    .            G - +0 pair of boots of Death Resistance {rN++ rCorr Int+3 Dex-3}
Will    +....        X - amulet of Loji {rPois rF+ Regen+ Stlth+}
Stlth   +++          z - ring of flight
HPRegen 4.36/turn    u - ring of magical power
MPRegen 0.35/turn

%: no passive effects
@: mighty, spiked, flying
A: no striking features
a: Renounce Religion


You were on level 4 of the Shoals.
You worshipped Vehumet.
Vehumet was exalted by your worship.
You visited 5 branches of the dungeon, and saw 27 of its levels.
You also visited: Gauntlet, Ice Cave and Volcano.

You collected 3288 gold pieces.
You spent 304 gold pieces at shops.

Inventory:

Missiles
 y - 13 curare-tipped darts
 K - 3 throwing nets
Armour
 w - the +1 helmet of Valiance (worn) {rC+ Int+6}
   (You bought it in a shop on level 2 of the Orcish Mines)

   Int+6:     It affects your intelligence (+6).
   rC+:       It protects you from cold.
 G - the +0 pair of boots of Death Resistance (worn) {rN++ rCorr Int+3 Dex-3}
   (You found it in a Gauntlet)

   Int+3:     It affects your intelligence (+3).
   Dex-3:     It affects your dexterity (-3).
   rN++:      It greatly protects you from negative energy.
   rCorr:     It protects you from acid and corrosion.
 H - the +1 robe of Vines (worn) {NoPotionHeal Regen++++}
   (You found it on level 7 of the Dungeon)

   NoPotionHeal: Its wearer cannot be healed by potions.
   Regen++++: It increases your rate of health regeneration.
 L - a +1 pair of gloves (worn)
 O - a scarf of resistance (worn)
 R - a +2 buckler (worn)
 Y - a +1 hat of see invisible
Magical Staves
 F - a staff of conjuration (weapon)
Jewellery
 a - the amulet of the Serpent {Reflect rElec rPois Str+3 SH+5}
   (You found it on level 11 of the Dungeon)

   [amulet of reflection]

   Reflect:   It reflects blocked missile attacks.
   Str+3:     It affects your strength (+3).
   rElec:     It insulates you from electricity.
   rPois:     It protects you from poison.
   SH+5:      It affects your SH (+5).
 h - a ring of willpower
 u - a ring of magical power (right hand)
 v - a ring of protection from cold
 z - a ring of flight (left hand)
 C - a ring of protection from fire
 J - a ring of protection from cold
 M - a +5 ring of evasion
 X - the amulet of Loji (around neck) {rPois rF+ Regen+ Stlth+}
   (You found it on level 9 of the Dungeon)

   [amulet of regeneration]

   rF+:       It protects you from fire.
   rPois:     It protects you from poison.
   Regen+:    It increases your rate of health regeneration.
   Stlth+:    It makes you more stealthy.
Wands
 x - a wand of paralysis (9)
 D - a wand of digging (8)
 P - a wand of flame (9)
 T - a wand of light (7)
Scrolls
 b - a scroll of silence
 c - a scroll of enchant weapon
 f - a scroll of summoning {unknown}
 g - 14 scrolls of teleportation
 j - a scroll of immolation
 A - a scroll of revelation
 B - 2 scrolls of poison
 N - a scroll of fear
 Q - a scroll of enchant armour
 S - a scroll of blinking
 U - a scroll of vulnerability
Potions
 d - 2 potions of magic
 e - 2 potions of attraction
 i - 2 potions of experience
 k - 2 potions of resistance {unknown}
 l - 2 potions of haste {unknown}
 m - 2 potions of berserk rage {unknown}
 n - a potion of lignification
 o - a potion of invisibility {unknown}
 p - 9 potions of heal wounds
 q - a potion of cancellation {unknown}
 r - 6 potions of might
 s - 3 potions of enlightenment {unknown}
 t - 12 potions of curing
 I - 4 potions of brilliance {unknown}
Miscellaneous
 E - a box of beasts


   Skills:
 + Level 7.2 Fighting
 - Level 7.0 Armour
 - Level 3.0 Dodging
 - Level 3.0 Stealth
 - Level 7.0 Shields
 * Level 25.5 Spellcasting
 + Level 15.8 Conjurations
 - Level 1.1 Summonings
 - Level 1.1 Translocations
 + Level 15.6 Fire Magic
 - Level 2.0 Ice Magic
 - Level 1.0 Air Magic
 - Level 1.0 Earth Magic
 - Level 1.1 Alchemy
 - Level 1.0 Evocations


You had 25 spell levels left.
You knew the following spells:

 Your Spells              Type           Power      Damage    Failure   Level
a - Magic Dart            Conj           100%       1d8       0%          1
b - Mephitic Cloud        Conj/Alch/Air  95%        N/A       1%          3
c - Call Imp              Summ           100%       N/A       1%          2
d - Blink                 Tloc           100%       N/A       1%          2
e - Foxfire               Conj/Fire      100%       2x1d9     0%          1
f - Fireball              Conj/Fire      64%        3d24      1%          5
g - Irradiate             Conj/Alch      52%        3d29      1%          5
h - Freezing Cloud        Conj/Ice/Air   48%        6-21      1%          5
i - Starburst             Conj/Fire      64%        6d17      1%          6
j - Lee's Rapid Deconstr  Erth           26%        3d14*     3%          5
k - Orb of Destruction    Conj           64%        9d15      1%          7

Your spell library contained the following spells:

 Spells                   Type           Power      Damage    Failure   Level
 Conjure Ball Lightning   Conj/Air       52%        3x3d18    1%          6
 Shock                    Conj/Air       100%       1d9       0%          1
 Searing Ray              Conj           100%       2d8       0%          2
 Kiss of Death            Conj/Necr      100%       2d13      1%          1
 Necrotise                Necr           100%       1d9       1%          1
 Slow                     Hex            100%       N/A       1%          1
 Cigotuvi's Dreadful Rot  Necr/Alch/Air  100%       N/A       1%          2
 Jinxbite                 Hex            94%        N/A       1%          2
 Mercury Vapours          Alch/Air       100%       N/A       1%          2
 Sublimation of Blood     Necr           47%        N/A       1%          2
 Dazzling Flash           Conj/Hex       100%       N/A       1%          3
 Gell's Gravitas          Tloc           53%        N/A       1%          3
 Stone Arrow              Conj/Erth      100%       3d13      1%          3
 Swiftness                Air            53%        N/A       1%          3
 Teleport Other           Tloc           53%        N/A       1%          3
 Vampiric Draining        Necr           47%        2d9       1%          3
 Airstrike                Air            26%        2d(4-20)  1%          4
 Fulminant Prism          Conj/Alch      52%        3d22      1%          4
 Plasma Beam              Fire/Air       41%        2x1d55    1%          6
 Animate Armour           Summ/Erth      100%       N/A       4%          4
 Martyr's Knell           Necr/Summ      50%        N/A       4%          4
 Petrify                  Alch/Erth      53%        N/A       4%          4
 Yara's Violent Unravell  Hex/Alch       25%        3d11      4%          5
 Cause Fear               Hex            23%        N/A       6%          4
 Alistair's Intoxication  Alch           36%        N/A       11%         5
 Borgnjor's Vile Clutch   Necr/Erth      25%        N/A       14%         5
 Silence                  Hex/Air        25%        N/A       14%         5
 Eringya's Noxious Bog    Alch           27%        4d6       16%         6
 Curse of Agony           Necr           47%        N/A       19%         5
 Lehudib's Crystal Spear  Conj/Erth      52%        10d12     32%         8
 Dispersal                Tloc           26%        N/A       52%         6
 Enfeeble                 Hex            23%        N/A       99%         7
 Dragon's Call            Summ           26%        N/A       100%        9


Dungeon Overview and Level Annotations

Branches:
Dungeon (15/15)            Temple (1/1) D:6            Lair (5/5) D:8
 Shoals (4/4) Lair:2        Snake (0/4) Lair:3        Slime (0/5) Lair:4
    Orc (2/2) D:10            Elf (0/3) Orc:2        Vaults (0/5) D:14
 Depths (0/4) D:15          IceCv (visited)         Volcano (visited)
Gauntlet (visited)

Altars:
Ashenzari
Cheibriados
Dithmenos
Elyvilon
Fedhas
Gozag
Hepliaklqana
Kikubaaqudgha
Makhleb
Nemelex Xobeh
Okawaru
Qazlal
Ru
Sif Muna
Trog
Uskayaw
Vehumet
Wu Jian
Xom
Yredelemnul
Zin
The Shining One
Jiyva

Shops:
D:12 :   Orc:2 [*(=   Shoals:2 :

Portals:
Trove: D:10 (give 8 scrolls of fear)

Annotations:
Lair:5 1 runed translucent door, DeathSocks's ghost, journeyman CoGl


Message History

The manticore is engulfed in a cloud of scalding steam.
The manticore flicks its tail.
The volley of spikes skewers you!
More barbed spikes become lodged in your body.
Unknown command.
Casting: Fireball (safe; 1% risk of failure)
Confirm with . or Enter, or press ? or * to list all spells.
Aiming: Fireball (safe; 1% risk of failure)
Press: ? - help, Shift-Dir - straight line, f/p - manticore
Aim: a manticore (steam, severely wounded)
You feel a surge of power!
The fireball explodes!
The fireball engulfs the manticore!!!
You kill the manticore!
Vehumet accepts your kill.
You feel your power returning.
The satyr shouts!
The satyr shoots an arrow.
The arrow hits you!!
Unknown command.
Unknown command.
Casting: Fireball (safe; 1% risk of failure)
Confirm with . or Enter, or press ? or * to list all spells.
Aiming: Fireball (safe; 1% risk of failure)
Press: ? - help, Shift-Dir - straight line, f - satyr
Aim: a satyr, wielding a +0 longbow (lightly wounded)
You feel a surge of power!
The fireball explodes!
The fireball engulfs the satyr!!!
The satyr is severely wounded.
The wind drake flaps its wings at you. The air twists around and strikes you!
* * * LOW HITPOINT WARNING * * *
The satyr shoots an arrow.
The arrow hits you!!
* * * LOW HITPOINT WARNING * * *
Unknown command.
Okay, then.
Unknown command.
It was a potion of might.
You feel very mighty all of a sudden.
A nearby plant withers and dies.
The satyr shoots an arrow.
The arrow hits you!!
You die...

≈≈≈≈≈≈≈≈≈≈≈≈≈≈≈
≈≈≈≈≈≈≈≈≈≈≈≈≈≈≈≈≈≈≈≈
≈≈≈≈≈≈≈≈≈≈≈≈≈≈≈≈≈≈≈≈
≈≈≈≈≈≈≈≈≈≈≈≈≈≈≈≈≈≈≈≈≈
≈≈~~~~~~~~~~~~~~~~~~~
≈~~~.....<...<†....~~
~~~......^...†......~
~~...##.....<[†.##...
~~....#P@....(..# .
~~..PP.H<..§§....
~~~^..k<†.#'#~..P.
~~~P.....##Hc#)....
~~~~~~~~~.†..#~~~~~~
~~#.#.#''#... '' ~
###........#
.$...##.... ~. ....
#..


You could see a satyr, a wind drake (repels missiles) and a harpy.

Vanquished Creatures
  Mara (Shoals:3)
  Jorgrun (Shoals:1)
  Rupert (D:15)
  A kraken (Shoals:2)
  Gastronok (D:10)
  Polyphemus (Shoals:3)
  Ilsuiw (Shoals:2)
  A frost giant (D:15)
  A stone giant (Orc:2)
  Azrael (D:15)
  A minotaur (Gauntlet)
  Snorg (D:10)
  4 ettins
  2 merfolk javelineers
  Josephine (Lair:3)
  The ghost of TheLasagnaBaron the Brawler, a journeyman TrBe of Trog (D:10)
  2 merfolk impalers
  Fannar (Lair:2)
  The ghost of ytrimaz the Fighter, a journeyman CoGl of Okawaru (D:8)
  10 hydras
  5 vault guards (D:14)
  A merfolk avatar (Shoals:1)
  3 two-headed ogres
  3 catoblepae
  2 alligator snapping turtles (Shoals:3)
  4 boulder beetles
  2 merfolk aquamancers
  2 satyrs (Shoals:3)
  6 centaur warriors
  4 death yaks
  4 tengu warriors
  An orc high priest (Orc:2)
  An occultist (D:15)
  A sun demon (Volcano)
  3 skeletal warriors (D:12)
  11 skysharks
  13 sea snakes
  A bog body (IceCv)
  The ghost of zenocrate the Covert, a novice VSEE of Hepliaklqana (Lair:1)
  11 harpies
  2 necromancers
  7 orc sorcerers
  2 orc knights
  2 deep elf pyromancers
  An oklob plant (Lair:4)
  21 fauns
  16 ugly things
  15 manticores
  15 cyclopes
  A meliai (shapeshifter) (D:15)
  3 merfolk sirens
  6 elephants
  10 black mambas
  The ghost of BeKind the Covered, a novice MiBe of Trog (D:4)
  6 water nymphs
  A kobold blastminer (Orc:2)
  2 ice statues (IceCv)
  11 cane toads
  5 rime drakes
  2 unseen horrors
  10 ice devils
  12 komodo dragons
  A tengu conjurer (Shoals:3)
  An anaconda simulacrum (IceCv)
  A troll (shapeshifter) (D:14)
  2 red devils (Volcano)
  3 polar bears
  16 merfolk
  2 wind drakes
  4 trolls
  7 hornets
  A wolf spider simulacrum (Gauntlet)
  16 dream sheep
  13 blink frogs
  6 snapping turtles
  A centaur simulacrum (Gauntlet)
  29 spriggans
  7 slime creatures
  6 wraiths
  2 dire elephant simulacra (IceCv)
  4 water elementals
  2 wyverns
  A shadow (D:10)
  52 yaks
  6 fire elementals (D:15)
  6 humans (D:14)
  A fire bat (shapeshifter) (D:13)
  7 basilisks
  9 wargs
  3 fire bats (Lair:5)
  10 vampire mosquitoes
  2 death yak simulacra
  5 steam dragons
  3 harpy simulacra (IceCv)
  An acid dragon (D:9)
  4 hydra simulacra (IceCv)
  3 nagas (Lair:3)
  3 swamp worms (Gauntlet)
  5 hell hounds
  10 orc warriors
  13 water moccasins
  2 sky beasts
  7 black bears
  An ice dragon simulacrum (Gauntlet)
  2 ice beasts
  37 wolves
  2 centaurs
  6 boggarts
  4 ogres
  2 phantoms
  A kobold brigand (D:9)
  17 bullfrogs
  A gnoll sergeant (D:7)
  A two-headed ogre simulacrum (Lair:1)
  6 scorpions
  9 wights
  An elephant simulacrum (IceCv)
  10 killer bees
  4 electric eels
  2 howler monkeys
  A bombardier beetle (D:7)
  3 hounds
  8 jellies
  12 orc priests
  3 gnoll boudas
  Terence (D:2)
  An iguana (D:5)
  19 orc wizards
  A spriggan simulacrum (Lair:1)
  6 gnolls
  6 adders
  4 naga simulacra
  10 white imps
  4 ufetubi
  4 dart slugs
  A ribbon worm (D:3)
  52 orcs
  5 ball pythons
  5 endoplasms
  A giant cockroach (D:1)
  4 goblins
  9 hobgoblins
  5 jackals
  7 kobolds
  4 quokkas
  15 bats
  5 frilled lizards
  4 rats
847 creatures vanquished.

Vanquished Creatures (collateral kills)
  2 foxfires
2 creatures vanquished.

Vanquished Creatures (others)
  A vault guard (D:14)
  A manticore (Shoals:4)
  An endoplasm (D:1)
  858 foxfires
861 creatures vanquished.

Grand Total: 1710 creatures vanquished

Notes
Turn   | Place    | Note
-------+----------+-------------------------------------------
     0 | D:1      | pokeman the Deep Elf Hedge Wizard began the quest for the
                  | Orb.
     0 | D:1      | Reached XP level 1. HP: 10/10 MP: 7/7
   456 | D:1      | Reached XP level 2. HP: 15/15 MP: 2/9
  1426 | D:2      | Reached skill level 5 in Spellcasting
  1456 | D:2      | Reached XP level 3. HP: 20/20 MP: 6/11
  1460 | D:2      | Learned a level 3 spell: Mephitic Cloud
  1463 | D:2      | Learned a level 2 spell: Call Imp
  1466 | D:2      | Learned a level 2 spell: Blink
  1939 | D:2      | Reached skill level 1 in Fighting
  1939 | D:2      | Reached skill level 1 in Armour
  1944 | D:2      | Reached XP level 4. HP: 25/25 MP: 2/13
  2084 | D:2      | Learned a level 1 spell: Foxfire
  2175 | D:2      | Noticed Terence
  2192 | D:2      | Killed Terence
  2583 | D:3      | Found Ucvea's Weapon Emporium.
  2676 | D:3      | Reached skill level 6 in Spellcasting
  2745 | D:3      | Reached XP level 5. HP: 29/29 MP: 13/15
  3697 | D:4      | Found a transporter.
  3697 | D:4      | Noticed BeKind's ghost (novice MiBe)
  3741 | D:4      | Noticed a phantom
  3750 | D:4      | Killed a phantom
  3751 | D:4      | Reached skill level 1 in Fire Magic
  3751 | D:4      | Reached skill level 1 in Air Magic
  3751 | D:4      | Reached skill level 1 in Alchemy
  3751 | D:4      | Reached XP level 6. HP: 24/34 MP: 9/17
  3929 | D:4      | Found a transporter.
  4042 | D:5      | Entered Level 5 of the Dungeon
  4068 | D:5      | Identified the +0 ring mail "Quofru" {rF+ rC+ Dex+6}
  4085 | D:5      | Found a glowing golden altar of the Shining One.
  4091 | D:5      | Reached skill level 7 in Spellcasting
  4261 | D:5      | Noticed a sky beast
  4273 | D:5      | Killed a sky beast
  4274 | D:5      | Reached XP level 7. HP: 39/39 MP: 12/20
  4362 | D:5      | Noticed a steam dragon
  4397 | D:5      | Reached skill level 8 in Spellcasting
  4506 | D:5      | Killed a steam dragon
  4767 | D:5      | Found a shimmering blue altar of Sif Muna.
  4820 | D:5      | Got Sif Muna's Spellbook of the Cemetery
  4877 | D:5      | Reached skill level 9 in Spellcasting
  4877 | D:5      | Reached XP level 8. HP: 45/45 MP: 20/23
  5207 | D:5      | Found an ancient bone altar of Kikubaaqudgha.
  5445 | D:6      | Reached skill level 5 in Conjurations
  5479 | D:6      | Reached skill level 1 in Evocations
  5598 | D:6      | Reached skill level 10 in Spellcasting
  6158 | D:6      | Found a staircase to the Ecumenical Temple.
  6165 | Temple   | Entered the Ecumenical Temple
  6238 | Temple   | Became a worshipper of Vehumet
  6408 | D:7      | Reached skill level 5 in Fire Magic
  6408 | D:7      | Reached XP level 9. HP: 48/50 MP: 22/25
  6414 | D:7      | Learned a level 5 spell: Irradiate
  6421 | D:7      | Learned a level 6 spell: Starburst
  6619 | D:7      | Noticed a four-headed hydra
  6625 | D:7      | Reached skill level 11 in Spellcasting
  6631 | D:7      | Noticed a troll
  6639 | D:7      | Killed a four-headed hydra
  6644 | D:7      | Killed a troll
  6839 | D:7      | Found the +1 robe of Vines {NoPotionHeal Regen++++}
  6944 | D:7      | Reached skill level 12 in Spellcasting
  7523 | D:8      | Noticed a komodo dragon
  7750 | D:8      | Reached XP level 10. HP: 56/56 MP: 21/28
  8005 | D:8      | Noticed an elephant
  8009 | D:8      | Reached skill level 13 in Spellcasting
  8042 | D:8      | Killed an elephant
  8102 | D:8      | Reached * piety under Vehumet
  8102 | D:8      | Offered knowledge of Freeze by Vehumet.
  8306 | D:8      | Found a runed translucent door.
  8310 | D:8      | Noticed a deep elf pyromancer
  8310 | D:8      | Noticed ytrimaz's ghost (journeyman CoGl)
  8475 | D:8      | Found a burning altar of Makhleb.
  8477 | D:8      | Found an opulent altar of Gozag.
  8477 | D:8      | Found a snail-covered altar of Cheibriados.
  8479 | D:8      | Found a shimmering altar of Xom.
  8479 | D:8      | Found a radiant altar of Vehumet.
  8479 | D:8      | Found a shimmering altar of Xom.
  8824 | D:8      | Found a staircase to the Lair.
  9046 | D:9      | Found a hazy altar of Hepliaklqana.
  9174 | D:9      | Noticed a two-headed ogre
  9183 | D:9      | Killed a two-headed ogre
  9184 | D:9      | Reached skill level 14 in Spellcasting
  9350 | D:9      | Noticed a cyclops
  9369 | D:9      | Killed a cyclops
  9606 | D:9      | Found a glowing silver altar of Zin.
  9645 | D:9      | Identified the amulet of Loji {rPois rF+ Regen+ Stlth+}
  9732 | D:9      | Reached XP level 11. HP: 61/61 MP: 23/31
 10187 | D:4      | Killed BeKind's ghost
 10486 | D:10     | Entered Level 10 of the Dungeon
 10497 | D:10     | Noticed Gastronok
 10498 | D:10     | Upgraded the game from 0.32-a0-612-g1c984fe9d1 to
                  | 0.32-a0-616-g9348d4545b
 10642 | D:10     | Killed Gastronok
 10848 | D:10     | Reached skill level 15 in Spellcasting
 11009 | D:10     | Noticed an eight-headed hydra
 11024 | D:10     | Killed an eight-headed hydra
 11025 | D:10     | Reached skill level 5 in Fighting
 11267 | D:10     | Reached ** piety under Vehumet
 11267 | D:10     | Offered knowledge of Momentum Strike by Vehumet.
 11272 | D:10     | Noticed a centaur warrior
 11421 | D:10     | Noticed Snorg
 11427 | D:10     | Killed a centaur warrior
 11428 | D:10     | Killed Snorg
 11580 | D:10     | Found a runed translucent door.
 11710 | D:10     | Reached skill level 16 in Spellcasting
 11753 | D:10     | Found a portal to a secret trove of treasure.
 11768 | D:10     | Identified a scroll of acquirement
 11778 | D:10     | Acquired 813 gold pieces
 11853 | D:10     | Found a staircase to the Orcish Mines.
 12104 | D:10     | Identified the +5 spear of the Hawk {drain, rN+ SInv
                  | Stlth-}
 12104 | D:10     | Noticed TheLasagnaBaron's ghost (journeyman TrBe)
 12355 | D:11     | Identified the amulet of the Serpent {Reflect rElec rPois
                  | Str+3 SH+5}
 12390 | D:11     | Noticed a two-headed ogre
 12395 | D:11     | Killed a two-headed ogre
 12455 | D:11     | Noticed a centaur warrior
 12467 | D:11     | Killed a centaur warrior
 12586 | D:11     | Noticed an orc knight
 12590 | D:11     | Killed an orc knight
 12591 | D:11     | Reached XP level 12. HP: 69/69 MP: 11/34
 12821 | D:11     | Offered knowledge of Searing Ray by Vehumet.
 13242 | D:11     | Identified the +1 battleaxe "Fuolany" {freeze, Fly rN+}
 13422 | D:12     | Found Rierid's Book Shop.
 13474 | D:12     | Reached skill level 10 in Conjurations
 13947 | D:12     | Found a glowing golden altar of the Shining One.
 14303 | D:12     | Reached skill level 17 in Spellcasting
 14674 | D:13     | Reached *** piety under Vehumet
 14726 | D:13     | Found a frozen archway.
 14745 | IceCv    | Entered an ice cave
 14825 | IceCv    | Reached skill level 10 in Fire Magic
 15152 | IceCv    | Reached skill level 5 in Armour
 15157 | IceCv    | Offered knowledge of Flame Wave by Vehumet.
 15332 | IceCv    | Reached skill level 18 in Spellcasting
 15766 | D:13     | Noticed a boulder beetle
 15777 | D:13     | Killed a boulder beetle
 15778 | D:13     | Reached XP level 13. HP: 74/74 MP: 25/37
 16099 | D:14     | Reached **** piety under Vehumet
 16288 | D:14     | Offered knowledge of Inner Flame by Vehumet.
 16884 | D:14     | Reached skill level 19 in Spellcasting
 17311 | D:14     | Found a gate to the Vaults.
 17467 | D:15     | Entered Level 15 of the Dungeon
 17467 | D:15     | Noticed Rupert
 17675 | D:15     | Found a staircase to the Depths.
 17675 | D:15     | Noticed an ettin
 17685 | D:15     | Killed an ettin
 18036 | D:15     | Reached skill level 20 in Spellcasting
 18545 | D:15     | Reached XP level 14. HP: 80/80 MP: 33/40
 18545 | D:15     | Reached ***** piety under Vehumet
 18664 | D:15     | Offered knowledge of Spellforged Servitor by Vehumet.
 18672 | D:15     | Paralysed by Rupert for 2 turns
 18682 | D:15     | Killed Rupert
 18843 | D:15     | Noticed a frost giant
 18850 | D:15     | Killed a frost giant
 19040 | D:15     | Noticed Azrael
 19158 | Lair:1   | Entered Level 1 of the Lair of Beasts
 19389 | Lair:1   | Identified the +6 trident "Wotin" {speed, rPois}
 19573 | Lair:1   | Learned a level 5 spell: Freezing Cloud
 19773 | Lair:1   | Found a runed translucent gate.
 19773 | Lair:1   | Found a runed translucent gate.
 19774 | Lair:1   | Found a runed translucent gate.
 19777 | Lair:1   | Noticed zenocrate's ghost (novice VSEE)
 20074 | Lair:1   | Found a viscous altar of Jiyva.
 20079 | Lair:1   | Reached skill level 1 in Ice Magic
 20082 | Lair:1   | Killed zenocrate's ghost
 20094 | Lair:1   | Identified the amulet of Lucidity {rF++ Regen+ rCorr}
 20246 | D:15     | Killed Azrael
 20305 | D:15     | Reached skill level 21 in Spellcasting
 20865 | Lair:2   | Found a gate leading to a gauntlet.
 20873 | Gauntlet | Entered a Gauntlet
 20873 | Gauntlet | Found a transporter.
 20881 | Gauntlet | Found a transporter.
 20883 | Gauntlet | Found a transporter.
 20885 | Gauntlet | Found a transporter.
 20896 | Gauntlet | Found a transporter.
 20911 | Gauntlet | Found a transporter.
 20913 | Gauntlet | Found a large runed translucent door.
 20913 | Gauntlet | Found a large runed translucent door.
 20914 | Gauntlet | Found a large runed translucent door.
 20914 | Gauntlet | Found a large runed translucent door.
 20915 | Gauntlet | Found a large runed translucent door.
 20915 | Gauntlet | Found a large runed translucent door.
 20915 | Gauntlet | Found a runed translucent door.
 20915 | Gauntlet | Found a runed translucent door.
 20915 | Gauntlet | Found a large runed translucent door.
 20915 | Gauntlet | Found a large runed translucent door.
 20916 | Gauntlet | Found a large runed translucent door.
 20916 | Gauntlet | Found a large runed translucent door.
 20917 | Gauntlet | Found a transporter.
 20932 | Gauntlet | Found a transporter.
 20947 | Gauntlet | Found a large runed translucent door.
 20948 | Gauntlet | Found a large runed translucent door.
 20949 | Gauntlet | Found a large runed translucent door.
 20950 | Gauntlet | Found a runed translucent gate.
 20951 | Gauntlet | Found a transporter.
 20951 | Gauntlet | Found a runed translucent gate.
 20952 | Gauntlet | Found a runed translucent gate.
 20953 | Gauntlet | Found a large runed translucent door.
 20954 | Gauntlet | Found a large runed translucent door.
 20955 | Gauntlet | Found a large runed translucent door.
 20960 | Gauntlet | Noticed a reaper
 20963 | Gauntlet | Found a transporter.
 20975 | Gauntlet | Found a transporter.
 20980 | Gauntlet | Found a transporter.
 21005 | Gauntlet | Found a transporter.
 21017 | Gauntlet | Found a transporter.
 21034 | Gauntlet | Found a transporter.
 21051 | Gauntlet | Found a transporter.
 21053 | Gauntlet | Found a transporter.
 21085 | Gauntlet | Found a transporter.
 21167 | Gauntlet | Identified the ring of Nytahu {Int+3 Dex+6}
 21305 | Gauntlet | Identified the +0 pair of boots of Death Resistance {rN++
                  | rCorr Int+3 Dex-3}
 21433 | Gauntlet | Identified the ring "Geloxat" {Will+ Int+4}
 21637 | Lair:2   | Noticed Fannar
 21640 | Lair:2   | Found a staircase to the Shoals.
 21642 | Lair:2   | Killed Fannar
 22114 | Lair:2   | Offered knowledge of Sticky Flame by Vehumet.
 22851 | Lair:3   | Noticed Josephine
 22858 | Lair:3   | Killed Josephine
 22859 | Lair:3   | Reached skill level 1 in Shields
 23091 | Lair:3   | Reached XP level 15. HP: 86/86 MP: 41/42
 23156 | Lair:3   | Identified the +5 scale mail "Wopoitaf" {rF+ rC+ Regen+}
 23339 | Lair:3   | Found a staircase to the Snake Pit.
 23955 | Lair:4   | Found a staircase to the Slime Pits.
 23956 | Lair:4   | Found a viscous altar of Jiyva.
 24023 | Lair:4   | Reached skill level 22 in Spellcasting
 24202 | Lair:4   | Offered knowledge of Arcjolt by Vehumet.
 25073 | Lair:5   | Entered Level 5 of the Lair of Beasts
 25121 | Lair:5   | Found a dark tunnel.
 25140 | Volcano  | Entered a volcano
 25312 | Volcano  | Learned a level 5 spell: Fireball
 26205 | Lair:5   | Offered knowledge of Lee's Rapid Deconstruction by Vehumet.
 26212 | Lair:5   | Learned a level 5 spell: Lee's Rapid Deconstruction
 26370 | Lair:5   | Reached skill level 23 in Spellcasting
 26695 | Lair:5   | Identified the +11 great sword "Napud" {drain, Dex+2 SInv}
 26867 | Lair:5   | Reached skill level 1 in Earth Magic
 26991 | Lair:5   | Found a runed translucent door.
 26991 | Lair:5   | Found a shimmering altar of Xom.
 26991 | Lair:5   | Noticed DeathSocks's ghost (journeyman CoGl)
 27729 | D:8      | Killed ytrimaz's ghost
 27919 | D:10     | Killed TheLasagnaBaron's ghost
 27920 | D:10     | Reached XP level 16. HP: 62/92 MP: 32/45
 28036 | Orc:1    | Entered Level 1 of the Orcish Mines
 28409 | Orc:1    | You fall into a shaft and drop 1 floor!
 28409 | Orc:2    | Entered Level 2 of the Orcish Mines
 28409 | Orc:2    | Found Seesh's General Store.
 28564 | Orc:2    | Found Zuoxzeci's Antique Weapon Boutique.
 28571 | Orc:2    | Reached skill level 5 in Shields
 28988 | Orc:2    | Reached ****** piety under Vehumet
 29204 | Orc:2    | Found a staircase to the Elven Halls.
 29399 | Orc:2    | Found Ydovemme's Jewellery Shop.
 29620 | Orc:2    | Found Herat's Antique Armour Emporium.
 29629 | Orc:2    | Bought a fine helmet for 304 gold pieces
 29629 | Orc:2    | Identified the +1 helmet of Valiance {rC+ Int+6} (You
                  | bought it in a shop on level 2 of the Orcish Mines)
 29946 | Shoals:1 | Entered Level 1 of the Shoals
 29961 | Shoals:1 | Noticed Jorgrun
 30090 | Shoals:1 | HP: 2/92 [snapping turtle (21)]
 30100 | Shoals:1 | Killed Jorgrun
 30106 | Shoals:1 | Reached skill level 24 in Spellcasting
 30234 | Shoals:1 | Offered knowledge of Orb of Destruction by Vehumet.
 30243 | Shoals:1 | Learned a level 7 spell: Orb of Destruction
 31269 | Shoals:2 | Reached skill level 15 in Conjurations
 31352 | Shoals:2 | Noticed a kraken
 31363 | Shoals:2 | Killed a kraken
 31389 | Shoals:2 | Noticed Ilsuiw
 31604 | Shoals:2 | Killed Ilsuiw
 31756 | Shoals:2 | Found Ditus's Vocational Training.
 31794 | Shoals:2 | Reached skill level 15 in Fire Magic
 32907 | Shoals:3 | Reached XP level 17. HP: 96/96 MP: 39/47
 33082 | Shoals:3 | Reached skill level 25 in Spellcasting
 33087 | Shoals:3 | Noticed Mara
 33295 | Shoals:3 | Noticed Polyphemus
 33308 | Shoals:3 | Killed Polyphemus
 33498 | Shoals:3 | Killed Mara
 33681 | Shoals:3 | Offered knowledge of Conjure Ball Lightning by Vehumet.
 34163 | Shoals:4 | Entered Level 4 of the Shoals
 34309 | Shoals:4 | Shot with an arrow by a satyr

Illustrated notes

Levels and vault maps discovered:
D:1:      minmay_arrival_semitransparent, layout_loops_ring,
          hangedman_decor_diamond_cutter, lemuel_flame_loot_1
D:2:      minmay_alternating_diamond, layout_loops_ring, uniq_terence
D:3:      layout_loops_ring, serial_shops, shop
D:4:      layout_cave_pools, gammafunk_ghost_arena
D:5:      minmay_chambers_of_fours, layout_rooms, led_sif_book,
          kiku_gazebo_pond_becter, mainiacjoe_overflow_paths
D:6:      layout_rooms, minmay_temple_entry_crystal_x, serial_corexii_hall,
          corexii_hall_statues_x, chequers_hall_statues_corner_a,
          corexii_hall_statues_x, corexii_hall_statues_l,
          corexii_hall_statues_x, corexii_hall_statues_l
D:7:      layout_loops_cross, grunt_ministairs_3, hellmonk_guarded_unrand_vines
D:8:      layout_loops_ring, doesnt_xom_only_xom,
          grunt_lair_entry_orc_guard_hut, ebering_ghost_inner_flame
D:9:      layout_basic, nicolae_overflow_crystal_walls, lemuel_doored_altar
D:10:     layout_irregular_city, orc_0_dummy, nicolae_trove_entry_free_sample,
          ebering_ghost_funeral_grove, roderic_batcave, solitary_fountain,
          lightli_fourway_metalbox, uniq_gastronok, uniq_snorg
D:11:     layout_long_grid
D:12:     layout_loops_corners, nicolae_stop_n_shop_1,
          nicolae_tso_carved_into_rock
D:13:     layout_basic, portal_ice_cave_demonic_guard
D:14:     layout_small_grid, ximxim_vaults_locker_room, roderic_lattice_a
D:15:     hangedman_depths_entry_civil_slaughter, layout_long_grid,
          grunt_decor_cap, minmay_microvault, uniq_azrael, uniq_rupert
Temple:   minmay_temple_bridge_d
Lair:1:   dreamdust_isle_of_ice, layout_misc_corridors, gammafunk_ghost_ooze,
          disabler_island
Lair:2:   layout_loops_ring, elwin_shoals_entry_rocks, gauntlet_entry_generic,
          infiniplex_staircase_pool_2, uniq_fannar
Lair:3:   nzn_winding_woodlands_small [nzn_winding_woodlands_5x15_crooked,
          nzn_winding_woodlands_center_garden,
          nzn_winding_woodlands_5x15_longhouse], layout_long_grid,
          nicolae_snake_entry_squirm, beast_lair_carwin_6, uniq_josephine
Lair:4:   kb_forest_paths, layout_concentric_octagons, slime_entry_1,
          dreamdust_deal_with_the_devil
Lair:5:   minmay_lair_end_enchanted_forest, layout_cave_shapes,
          ebering_ghost_xom, nicolae_volcano_entry_batcave, serial_bayou_shore_a
Shoals:1: layout_shoals, nicolae_shoals_loop_pool, uniq_jorgrun
Shoals:2: layout_shoals, nicolae_shop_vocational, uniq_ilsuiw
Shoals:3: layout_shoals, kb_tengu_band, uniq_mara, uniq_polyphemus
Shoals:4: shoals_end_hellmonk_lost_city, uniq_aizul
Orc:1:    layout_caves, nooodl_orcs_dogs
Orc:2:    grunt_orc_gardens, layout_caves, grunt_orc_garden, grunt_orc_garden,
          grunt_orc_garden, grunt_orc_garden

Skill      XL: |  1  2  3  4  5  6  7  8  9 10 11 12 13 14 15 16 17 |
---------------+----------------------------------------------------+-----
Spellcasting   | 5 6 7 9 10 12 14 16 18 20 21 23 24 25 | 25.5
Fighting       | 1 2 3 4 5 6 7 |  7.2
Armour         | 1 2 3 4 5 6 7 |  7.0
Conjurations   | 2 3 4 5 7 8 9 11 12 13 14 15 | 15.8
Stealth        | 3 |  3.0
Dodging        | 3 |  3.0
Fire Magic     | 1 2 3 5 6 7 9 10 11 13 14 15 | 15.6
Air Magic      | 1 |  1.0
Alchemy        | 1 |  1.1
Evocations     | 1 |  1.0
Ice Magic      | 2 |  2.0
Shields        | 1 4 6 7 |  7.0
Earth Magic    | 1 |  1.0
Summonings     | |  1.1
Translocations | |  1.1

Action                     |  1- 3 |  4- 6 |  7- 9 | 10-12 | 13-15 | 16-18 || total
---------------------------+-------+-------+-------+-------+-------+-------++-------
  Melee: Dagger            |    17 |    24 |    22 |       |       |       ||    63
         Staff             |       |       |    22 |    37 |    27 |    10 ||    96
   Cast: Magic Dart        |    79 |    10 |     4 |    16 |    11 |       ||   120
         Foxfire           |       |    88 |   239 |   141 |       |       ||   468
         Mephitic Cloud    |       |     5 |     9 |    13 |    15 |     2 ||    44
         Blink             |       |       |     5 |     2 |     2 |     2 ||    11
         Irradiate         |       |       |       |    12 |    12 |       ||    24
         Starburst         |       |       |       |   107 |   241 |    48 ||   396
         Freezing Cloud    |       |       |       |       |    14 |     2 ||    16
         Fireball          |       |       |       |       |    79 |   240 ||   319
         Call Imp          |       |       |       |       |     4 |       ||     4
         Lee's Rapid Decon |       |       |       |       |     3 |       ||     3
         Orb of Destructio |       |       |       |       |       |     4 ||     4
  Evoke: Wand              |       |       |       |       |     2 |       ||     2
    Use: Scroll            |       |       |       |    13 |    11 |       ||    24
         Potion            |       |       |       |       |       |     1 ||     1
   Stab: Confused          |       |     1 |     4 |     2 |     1 |       ||     8
         Distracted        |       |       |       |       |     1 |       ||     1
 Armour: Robe              |    25 |    21 |    54 |    89 |   151 |   100 ||   440
         Troll leather arm |       |       |     1 |       |       |       ||     1
         Ring mail         |       |       |       |    13 |       |       ||    13
  Dodge: Dodged            |    16 |    33 |    85 |   154 |    74 |    30 ||   392
  Block: Buckler           |       |       |       |       |       |     1 ||     1

Table legend: (Time is in decaauts)
 A = Elapsed time spent in this place.
 B = Non-inter-level travel time spent in this place.
 C = Inter-level travel time spent in this place.
 D = Time resting spent in this place.
 E = Time spent auto-exploring this place.
 F = Levels seen in this place.
 G = Mean time per level.
                   A        B        C        D        E       F      G
               +--------+--------+--------+--------+--------+-----+--------+
         Total |  34524 |  31580 |   2944 |   2419 |  24521 |  30 | 1150.8 |
       Dungeon |  19639 |  17487 |   2152 |   1219 |  13853 |  15 | 1309.3 |
        Temple |    237 |     83 |    154 |      0 |      0 |   1 |  237.0 |
          Lair |   6824 |   6356 |    468 |    308 |   5207 |   5 | 1364.8 |
        Shoals |   4307 |   4205 |    102 |    237 |   3471 |   4 | 1076.8 |
  Orcish Mines |   1812 |   1745 |     67 |    246 |   1289 |   2 |  906.0 |
      Ice Cave |    659 |    659 |      0 |     98 |    407 |   1 |  659.0 |
       Volcano |    320 |    320 |      0 |     90 |    144 |   1 |  320.0 |
      Gauntlet |    723 |    723 |      0 |    221 |    149 |   1 |  723.0 |
               +--------+--------+--------+--------+--------+-----+--------+

Top non-repeatable levels by time:
     D:8: 1921 daAuts
  Lair:5: 1888 daAuts
    D:10: 1774 daAuts
    D:15: 1665 daAuts
    D:14: 1504 daAuts
Shoals:3: 1482 daAuts
  Lair:3: 1431 daAuts
     D:1: 1422 daAuts
Shoals:1: 1413 daAuts
Shoals:2: 1389 daAuts
     D:2: 1318 daAuts
     D:7: 1290 daAuts
    D:12: 1277 daAuts
     D:5: 1260 daAuts
  Lair:4: 1242 daAuts
